 Dungeon Crawl Stone Soup version 0.29-a0-6-ga859fcf985 (console) character file.

Game seed: 18298599148182720270

56 Cab the Chopper (level 3, -1/29 HPs)
             Began as a Demonspawn Fighter on Jan 27, 2022.
             Slain by Sigmund (8 damage)
             ... on level 2 of the Dungeon.
             The game lasted 00:03:11 (1204 turns).

Cab the Chopper (Demonspawn Fighter)                Turns: 1204, Time: 00:03:11

Health: -1/29      AC:  6    Str: 18    XL:     3   Next: 71%
Magic:  0/3        EV:  9    Int: 11    God:
Gold:   32         SH:  4    Dex: 12    Spells: 2/2 levels left

rFire   . . .      SeeInvis .   a - +0 war axe
rCold   . . .      Faith    .   c - +0 buckler
rNeg    . . .      Spirit   .   b - +0 scale mail
rPois   .          Reflect  .   (no helmet)
rElec   .          Harm     .   (no cloak)
rCorr   .          Rampage  .   (no gloves)
Will    .....                   (no boots)
Stlth   ..........              (no amulet)
HPRegen 0.09/turn               (no ring)
MPRegen 0.08/turn               (no ring)

@: mighty, brilliant
A: big brain 1
a: no special abilities


You were on level 2 of the Dungeon.
You visited 1 branch of the dungeon, and saw 2 of its levels.

You collected 32 gold pieces.

Inventory:

Hand Weapons
 a - a +0 war axe (weapon)
Armour
 b - a +0 scale mail (worn)
 c - a +0 buckler (worn)
Scrolls
 e - a scroll of teleportation {unknown}
 g - a scroll of identify {unknown}
 h - a scroll of amnesia {unknown}
Potions
 i - a potion of ambrosia


   Skills:
 - Level 3.0 Fighting
 + Level 3.7 Axes
 - Level 2.6 Armour
 - Level 2.6 Shields


You had 2 spell levels left.
You didn't know any spells.
Your spell library contained the following spells:

 Spells                   Type           Power      Damage    Failure   Level
 Magic Dart               Conj           0%         1d3       83%         1
 Searing Ray              Conj           0%         2d4       92%         2
 Fulminant Prism          Conj/Hex       0%         3d6       100%        4


Dungeon Overview and Level Annotations

Branches:
Dungeon (2/15)

Altars:

Annotations:
D:2 Sigmund


Innate Abilities, Weirdness & Mutations

You have an unusually large brain. (Int +2)


Message History

Sigmund the Dreaded comes into view.
He is wielding a +2 antimagic scythe.
Sigmund shouts!
You feel very mighty all of a sudden.
It was a potion of ambrosia.
You are confused.
You feel invigorated.
It was a potion of brilliance.
You feel clever all of a sudden.
You bump into the rock wall.
Sigmund hits you from afar with a +2 antimagic scythe!
You feel your power leaking away. Sigmund casts a spell at you.
The magic dart hits you.
You bump into the rock wall.
Sigmund closely misses you.
A rat comes into view.
You bump into the rock wall.
Sigmund barely misses you.
You barely miss Sigmund.
Sigmund hits you with a +2 antimagic scythe!
You feel your power leaking away.
You miss Sigmund. Sigmund misses you.
You bump into the rock wall.
You feel less invigorated.
You feel less confused.
You barely miss Sigmund. You hit the rat.
You kill the rat!
Sigmund casts a spell at you. The puff of flame hits you!
Sigmund hits you with a +2 antimagic scythe.
You feel your power leaking away.
You slash Sigmund!
Sigmund is moderately wounded.
You slash Sigmund!
Sigmund is severely wounded.
Sigmund says, "Look into my eyes."
Sigmund hits you with a +2 antimagic scythe!
* * * LOW HITPOINT WARNING * * *
You feel your power leaking away.
You barely miss Sigmund.
Sigmund is severely wounded.
Sigmund hits you with a +2 antimagic scythe!
You die...

♣∙♣∙∙∙∙∙∙∙▒ ▒∙∙∙∙∙∙∙∙∙
♣∙♣▒▒∙∙∙∙∙▒▒▒∙∙∙∙∙∙∙∙∙
♣∙♣∙'∙∙%∙∙'∙∙∙)∙∙∙∙∙∙∙
♣∙♣▒▒∙∙∙∙∙▒▒▒∙▒▒▒▒▒▒▒■
♣∙♣ ▒∙∙∙∙∙▒ ▒∙∙▒
♣∙♣▒▒∙∙∙∙∙▒▒▒▒∙▒▒▒▒▒∙♣P
♣∙♣∙∙∙∙∙∙∙∙∙∙∙∙∙∙∙∙∙∙∙∙
♣∙♣▒∙∙∙∙▒▒▒▒▒▒∙∙▒▒▒▒∙♣♣
♣∙♣▒∙▒▒∙▒ ▒▒@▒
▒▒∙[▒∙▒▒∙▒∙∙∙∙∙∙@∙∙∙∙∙♣
∙∙∙∙∙∙▒ ∙▒∙▒▒▒▒▒▒∙▒▒▒∙▒
▒▒▒∙▒▒▒ ∙▒ ∙∙ ▒∙▒ ∙▒
▒∙▒ ▒∙▒ ∙▒ ∙∙ ▒∙▒▒▒▒∙▒
▒∙▒ ▒∙∙∙∙▒ ▒▒▒▒∙∙▒
▒▒▒▒∙▒∙▒ ▒∙∙∙∙∙▒ ∙▒


You could see Sigmund.

Vanquished Creatures
  An adder (D:2)
  3 dart slugs (D:1)
  A ball python (D:1)
  4 bats
  3 endoplasms (D:1)
  3 giant cockroaches (D:1)
  5 goblins
  3 hobgoblins (D:1)
  3 quokkas (D:1)
  5 frilled lizards
  5 kobolds
  5 rats
41 creatures vanquished.

Vanquished Creatures (others)
  A plant (D:2)
1 creature vanquished.

Grand Total: 42 creatures vanquished

Notes
Turn   | Place    | Note
-------+----------+-------------------------------------------
     0 | D:1      | Cab the Demonspawn Fighter began the quest for the Orb.
     0 | D:1      | Reached XP level 1. HP: 18/18 MP: 1/1
   146 | D:1      | Gained mutation: You have an unusually large brain. (Int
                  | +2) [demonic ancestry]
   146 | D:1      | Reached XP level 2. HP: 21/24 MP: 2/2
   302 | D:1      | Reached XP level 3. HP: 12/29 MP: 3/3
   305 | D:1      | Found a faded altar of an unknown god.
  1188 | D:2      | Noticed Sigmund
  1204 | D:2      | Slain by Sigmund

Illustrated notes

Levels and vault maps discovered:
D:1:      matt_arrival_grand_opening, layout_basic,
          hellmonk_ecumenical_altar_blasted, minmay_bisected
D:2:      layout_basic, serial_forest, infiniplex_forest_end_double,
          infiniplex_forest_clump_tiny, infiniplex_forest_lined_room_2,
          infiniplex_forest_zigzag_1, infiniplex_forest_zigzag_1,
          infiniplex_forest_corner_1, infiniplex_forest_straight_3, uniq_sigmund

Skill      XL: |  1  2 |
---------------+-------+-----
Axes           | 2 3 |  3.7
Fighting       | |  3.0
Armour         | |  2.6
Shields        | |  2.6

Action                   || total
-------------------------++-------
Melee: War axe           ||   104
  Use: Potion            ||     3
Armor: Scale mail        ||    59
Dodge: Dodged            ||    61
Block: Buckler           ||    19

Table legend: (Time is in decaauts)
 A = Elapsed time spent in this place.
 B = Non-inter-level travel time spent in this place.
 C = Inter-level travel time spent in this place.
 D = Time resting spent in this place.
 E = Time spent auto-exploring this place.
 F = Levels seen in this place.
 G = Mean time per level.
                   A        B        C        D        E       F      G
               +--------+--------+--------+--------+--------+-----+--------+
         Total |   1244 |   1222 |     22 |      0 |    923 |   2 |  622.0 |
       Dungeon |   1244 |   1222 |     22 |      0 |    923 |   2 |  622.0 |
               +--------+--------+--------+--------+--------+-----+--------+

Top non-repeatable levels by time:
     D:1: 902 daAuts
     D:2: 341 daAuts
